General information
- name: BNet
- type: Ladder team game (AT/RT)
- host: Battle.net
- saver: TheRULEROfBnet.
map: Deadlands
- players: 8
- length: 35:00
- speed: Fast
- version: 1.27 W3XP
- replay type: Public
» download(203 KB)
Players
team 1 (winner)
HILARY-IS-HOT (
yellow | 76 APM | 2641 actions | 34:57)
6 Blademaster
3 Wind Walk
2 Critical Strike
1 Bladestorm
» actions
| Assign group hotkey | 26 | |
| Basic commands | 22 | |
| Build / train | 65 | |
| Enter build submenu | 26 | |
| Enter hero's abilities submenu | 6 | |
| Give item / drop item | 7 | |
| Right click | 1307 | |
| Select / deselect | 263 | |
| Select group hotkey | 747 | |
| Use ability | 170 | |
2641 total
» units
| Peon | 8 | |
| Grunt | 4 | |
| Wind Rider | 5 | |
| Goblin Shredder | 3 | |
| Gargoyle | 7 | |
| Raider | 4 | |
31 total
» upgrades
| Reinforced Defenses | 1 | |
| Envenomed Spears | 1 | |
| Ranged Weapons | 2 | |
| Armor | 2 | |
| Ensnare | 1 | |
| Melee Weapons | 1 | |
| Creature Attack | 1 | |
| Creature Carapace | 1 | |
10 total
» buildings
| Altar of Storms | 1 | |
| Orc Burrow | 9 | |
| Barracks | 1 | |
| Voodoo Lounge | 1 | |
| Stronghold | 2 | |
| War Mill | 1 | |
| Beastiary | 5 | |
| Fortress | 2 | |
| Watch Tower | 17 | |
| Sacrificial Pit | 1 | |
| Spirit Tower | 1 | |
| Black Citadel | 1 | |
| Necropolis | 1 | |
| Halls of the Dead | 1 | |
| Ziggurat | 2 | |
| Great Hall | 1 | |
47 total
» build order
00:06 Altar of Storms
00:21 Orc Burrow
00:36 Barracks
01:21 Orc Burrow
01:55 Voodoo Lounge
02:56 Stronghold
02:57 Stronghold
04:23 War Mill
04:25 Orc Burrow
04:44 Orc Burrow
05:52 Beastiary
05:53 Beastiary
05:58 Beastiary
06:07 Beastiary
06:45 Fortress
06:45 Fortress
08:58 Watch Tower
08:58 Watch Tower
08:59 Watch Tower
08:59 Watch Tower
09:02 Watch Tower
11:07 Watch Tower
11:08 Watch Tower
11:08 Watch Tower
11:09 Watch Tower
12:00 Beastiary
12:09 Watch Tower
12:10 Watch Tower
13:31 Orc Burrow
13:31 Orc Burrow
14:07 Orc Burrow
15:01 Sacrificial Pit
15:26 Spirit Tower
16:27 Black Citadel
18:37 Necropolis
20:23 Halls of the Dead
21:14 Ziggurat
21:14 Ziggurat
22:33 Orc Burrow
22:33 Orc Burrow
24:37 Great Hall
24:39 Watch Tower
24:39 Watch Tower
24:39 Watch Tower
24:40 Watch Tower
24:40 Watch Tower
» items
| Healing Salve | 2 | |
| Staff of Teleportation | 1 | |
| Lesser Clarity Potion | 1 | |
| Scroll of Town Portal | 3 | |
| Tiny Great Hall | 1 | |
| Orb of Lightning | 1 | |
9 total
TheRULEROfBnet. (
pink | 71 APM | 2481 actions | 35:00)
5 Death Knight
3 Death Coil
2 Unholy Aura
5 Lich
3 Frost Nova
2 Frost Armor
» actions
| Assign group hotkey | 39 | |
| Basic commands | 35 | |
| Build / train | 122 | |
| ESC pressed | 21 | |
| Enter build submenu | 66 | |
| Enter hero's abilities submenu | 10 | |
| Give item / drop item | 9 | |
| Right click | 1106 | |
| Select / deselect | 347 | |
| Select group hotkey | 585 | |
| Use ability | 141 | |
2481 total
» units
| Acolyte | 10 | |
| Ghoul | 2 | |
| Crypt Fiend | 9 | |
| Abomination | 3 | |
| Goblin Shredder | 4 | |
| Meatwagon | 3 | |
31 total
» upgrades
| Creature Attack | 2 | |
| Web | 1 | |
| Burrow | 1 | |
| Creature Carapace | 2 | |
| Unholy Armor | 3 | |
| Disease Cloud | 1 | |
| Unholy Strength | 3 | |
13 total
» buildings
| Graveyard | 1 | |
| Crypt | 4 | |
| Altar of Darkness | 1 | |
| Ziggurat | 27 | |
| Tomb of Relics | 2 | |
| Halls of the Dead | 2 | |
| Necropolis | 8 | |
| Spirit Tower | 28 | |
| Black Citadel | 4 | |
| Nerubian Tower | 7 | |
| Sacrificial Pit | 1 | |
| Slaughterhouse | 2 | |
87 total
» build order
00:10 Graveyard
00:15 Crypt
00:42 Altar of Darkness
00:58 Ziggurat
01:27 Tomb of Relics
02:02 Ziggurat
03:26 Ziggurat
04:08 Halls of the Dead
04:08 Halls of the Dead
05:16 Ziggurat
05:44 Ziggurat
05:46 Ziggurat
05:49 Necropolis
06:14 Spirit Tower
09:00 Black Citadel
09:00 Black Citadel
09:03 Nerubian Tower
09:04 Nerubian Tower
09:04 Spirit Tower
09:04 Spirit Tower
09:04 Spirit Tower
09:37 Nerubian Tower
09:38 Nerubian Tower
11:10 Tomb of Relics
11:14 Ziggurat
11:15 Ziggurat
12:13 Spirit Tower
12:14 Spirit Tower
12:14 Spirit Tower
12:25 Sacrificial Pit
13:10 Necropolis
13:12 Necropolis
13:18 Necropolis
13:22 Necropolis
13:26 Necropolis
13:31 Necropolis
14:40 Slaughterhouse
14:46 Slaughterhouse
15:38 Spirit Tower
15:39 Spirit Tower
15:39 Spirit Tower
15:39 Spirit Tower
15:39 Spirit Tower
15:42 Ziggurat
15:45 Ziggurat
15:49 Ziggurat
15:52 Ziggurat
15:54 Ziggurat
17:51 Spirit Tower
17:51 Spirit Tower
17:52 Spirit Tower
18:21 Spirit Tower
18:21 Spirit Tower
18:24 Nerubian Tower
19:09 Crypt
19:11 Ziggurat
19:13 Ziggurat
19:15 Crypt
20:30 Ziggurat
20:31 Ziggurat
20:33 Ziggurat
20:50 Ziggurat
20:52 Ziggurat
20:54 Ziggurat
21:30 Ziggurat
22:26 Spirit Tower
22:26 Spirit Tower
22:26 Spirit Tower
22:28 Nerubian Tower
23:38 Spirit Tower
23:38 Spirit Tower
23:38 Spirit Tower
23:38 Spirit Tower
24:30 Ziggurat
24:34 Ziggurat
24:38 Ziggurat
24:42 Ziggurat
24:44 Crypt
25:09 Necropolis
25:11 Ziggurat
» items
| Rod of Necromancy | 3 | |
| Sacrificial Skull | 2 | |
| Periapt of Vitality | 2 | |
| Staff of Teleportation | 1 | |
| Healing Salve | 2 | |
| Orb of Lightning | 2 | |
| Lesser Clarity Potion | 2 | |
| Scroll of Town Portal | 1 | |
| Circlet of Nobility | 1 | |
| Boots of Speed | 1 | |
| Orb of Corruption | 2 | |
| Tiny Great Hall | 1 | |
20 total

»
cloaked (
green | 15 APM | 501 actions | 33:47)
3 Priestess of the Moon
2 Searing Arrows
1 Trueshot Aura
» actions
| Basic commands | 13 | |
| Build / train | 39 | |
| Enter build submenu | 17 | |
| Enter hero's abilities submenu | 3 | |
| Right click | 261 | |
| Select / deselect | 149 | |
| Use ability | 19 | |
501 total
» units
| Wisp | 9 | |
| Archer | 7 | |
| Huntress | 2 | |
| Druid of the Claw | 3 | |
| Hippogryph | 4 | |
| Dryad | 4 | |
29 total
» upgrades
| Strength of the Moon | 3 | |
| Druid of the Claw Training | 1 | |
4 total
» buildings
| Moon Well | 5 | |
| Altar of Elders | 1 | |
| Ancient of War | 1 | |
| Hunter's Hall | 1 | |
| Tree of Ages | 1 | |
| Ancient of Lore | 1 | |
| Ancient of Wind | 1 | |
| Tree of Eternity | 1 | |
| Ancient of Wonders | 1 | |
| Chimaera Roost | 1 | |
| Tree of Life | 1 | |
15 total
» build order
00:16 Moon Well
00:32 Altar of Elders
01:03 Ancient of War
02:08 Hunter's Hall
02:21 Moon Well
03:23 Moon Well
04:29 Tree of Ages
06:27 Moon Well
07:13 Ancient of Lore
07:36 Ancient of Wind
08:57 Tree of Eternity
11:09 Ancient of Wonders
11:15 Moon Well
12:41 Chimaera Roost
29:24 Tree of Life

»
TRUMPISTRUMP (
blue | 35 APM | 517 actions | 14:44)
2 Dreadlord
1 Vampiric Aura
1 Sleep
» actions
| Assign group hotkey | 9 | |
| Build / train | 38 | |
| Enter build submenu | 23 | |
| Enter hero's abilities submenu | 2 | |
| Right click | 231 | |
| Select / deselect | 138 | |
| Select group hotkey | 45 | |
| Use ability | 31 | |
517 total
» units
| Acolyte | 10 | |
| Ghoul | 9 | |
| Crypt Fiend | 5 | |
24 total
» upgrades
| Cannibalize | 1 | |
| Web | 1 | |
| Necromancer Training | 1 | |
| Skeletal Longevity | 1 | |
4 total
» buildings
| Altar of Darkness | 1 | |
| Crypt | 2 | |
| Tomb of Relics | 1 | |
| Ziggurat | 8 | |
| Graveyard | 1 | |
| Halls of the Dead | 1 | |
| Spirit Tower | 3 | |
| Temple of the Damned | 3 | |
20 total
» build order
00:57 Altar of Darkness
01:15 Crypt
01:19 Tomb of Relics
01:22 Ziggurat
01:37 Crypt
01:50 Ziggurat
02:45 Ziggurat
03:07 Graveyard
04:53 Halls of the Dead
06:47 Ziggurat
06:50 Ziggurat
06:52 Ziggurat
06:55 Ziggurat
07:06 Ziggurat
07:50 Spirit Tower
08:28 Spirit Tower
11:58 Temple of the Damned
12:51 Spirit Tower
14:14 Temple of the Damned
14:18 Temple of the Damned
» items
| Rod of Necromancy | 1 | |
| Dust of Appearance | 1 | |
| Sacrificial Skull | 1 | |
3 total
team 2 (loser)
aidsperson420 (
orange | 51 APM | 1786 actions | 34:59)
6 Pit Lord
3 Rain of Fire
2 Cleaving Attack
1 Doom
» actions
| Assign group hotkey | 30 | |
| Basic commands | 86 | |
| Build / train | 103 | |
| ESC pressed | 4 | |
| Enter build submenu | 62 | |
| Enter hero's abilities submenu | 6 | |
| Give item / drop item | 7 | |
| Right click | 723 | |
| Select / deselect | 435 | |
| Select group hotkey | 189 | |
| Use ability | 140 | |
1786 total
» units
| Peasant | 21 | |
| Footman | 10 | |
| Goblin Shredder | 1 | |
| Goblin Zeppelin | 1 | |
| Mortar Team | 3 | |
| Flying Machine | 4 | |
| Siege Engine | 3 | |
| Sorceress | 1 | |
| Priest | 1 | |
45 total
» upgrades
| Defend | 1 | |
| Masonry | 3 | |
| Gunpowder | 3 | |
| Plating | 3 | |
| Lumber Harvesting | 1 | |
| Fragmentation Shards | 1 | |
| Sorceress Training | 1 | |
| Magic Sentry | 1 | |
| Flak Cannons | 1 | |
| Flying Machine Bombs | 1 | |
| Priest Training | 1 | |
17 total
» buildings
| Barracks | 1 | |
| Farm | 10 | |
| Altar of Kings | 1 | |
| Lumber Mill | 1 | |
| Arcane Vault | 1 | |
| Scout Tower | 31 | |
| Town Hall | 2 | |
| Blacksmith | 1 | |
| Guard Tower | 17 | |
| Keep | 1 | |
| Arcane Sanctum | 1 | |
| Workshop | 8 | |
| Castle | 2 | |
| Cannon Tower | 7 | |
84 total
» build order
00:21 Barracks
00:26 Farm
00:51 Altar of Kings
01:17 Farm
01:44 Farm
02:17 Lumber Mill
02:52 Arcane Vault
03:16 Farm
03:29 Farm
04:59 Scout Tower
05:09 Town Hall
05:14 Scout Tower
05:16 Scout Tower
05:24 Scout Tower
05:39 Blacksmith
05:46 Farm
06:06 Guard Tower
06:35 Keep
06:54 Farm
06:58 Guard Tower
07:22 Farm
08:12 Farm
09:05 Arcane Sanctum
09:08 Workshop
10:11 Scout Tower
10:15 Workshop
10:20 Castle
10:20 Castle
10:24 Scout Tower
10:27 Scout Tower
10:43 Guard Tower
10:46 Guard Tower
10:51 Guard Tower
10:54 Cannon Tower
10:55 Cannon Tower
10:55 Cannon Tower
11:00 Workshop
11:30 Scout Tower
11:32 Scout Tower
11:33 Scout Tower
11:37 Scout Tower
11:44 Scout Tower
12:03 Guard Tower
12:10 Cannon Tower
12:11 Guard Tower
12:12 Guard Tower
12:15 Scout Tower
12:15 Scout Tower
12:19 Guard Tower
12:35 Scout Tower
12:36 Scout Tower
13:04 Guard Tower
13:11 Workshop
13:28 Scout Tower
13:44 Cannon Tower
13:45 Scout Tower
13:55 Scout Tower
14:01 Guard Tower
14:06 Scout Tower
14:11 Scout Tower
14:31 Guard Tower
15:04 Town Hall
15:22 Guard Tower
16:04 Workshop
16:04 Workshop
16:07 Workshop
16:11 Workshop
16:12 Farm
16:55 Scout Tower
16:56 Scout Tower
16:58 Scout Tower
17:04 Scout Tower
17:05 Scout Tower
17:06 Scout Tower
17:52 Guard Tower
17:55 Guard Tower
17:57 Cannon Tower
17:57 Cannon Tower
18:00 Scout Tower
18:01 Scout Tower
18:03 Scout Tower
18:05 Scout Tower
18:23 Guard Tower
18:39 Guard Tower
» items
| Scroll of Town Portal | 1 | |
| Boots of Speed | 1 | |
| Staff of Teleportation | 1 | |
| Circlet of Nobility | 1 | |
| Lesser Clarity Potion | 3 | |
7 total

»
WelderWelder (
teal | 61 APM | 1520 actions | 24:53)
4 Archmage
2 Summon Water Elemental
2 Brilliance Aura
3 Mountain King
2 Storm Bolt
1 Bash
» actions
| Assign group hotkey | 24 | |
| Basic commands | 31 | |
| Build / train | 86 | |
| ESC pressed | 1 | |
| Enter build submenu | 33 | |
| Enter hero's abilities submenu | 7 | |
| Give item / drop item | 2 | |
| Right click | 617 | |
| Select / deselect | 432 | |
| Select group hotkey | 211 | |
| Use ability | 76 | |
1520 total
» units
| Peasant | 14 | |
| Rifleman | 8 | |
| Mortar Team | 2 | |
| Siege Engine | 8 | |
| Flying Machine | 12 | |
44 total
» upgrades
| Lumber Harvesting | 1 | |
| Long Rifles | 1 | |
| Gunpowder | 3 | |
| Flare | 1 | |
| Plating | 3 | |
| Fragmentation Shards | 1 | |
| Barrage | 1 | |
| Sorceress Training | 1 | |
| Flak Cannons | 1 | |
| Flying Machine Bombs | 1 | |
14 total
» buildings
| Altar of Kings | 1 | |
| Farm | 12 | |
| Barracks | 1 | |
| Blacksmith | 1 | |
| Arcane Vault | 1 | |
| Keep | 1 | |
| Lumber Mill | 2 | |
| Town Hall | 1 | |
| Scout Tower | 6 | |
| Guard Tower | 5 | |
| Workshop | 2 | |
| Castle | 1 | |
| Arcane Sanctum | 1 | |
35 total
» build order
00:34 Altar of Kings
00:37 Farm
00:41 Farm
01:16 Barracks
01:21 Farm
01:41 Blacksmith
01:58 Farm
02:17 Arcane Vault
02:27 Farm
03:31 Keep
04:05 Lumber Mill
04:09 Lumber Mill
05:03 Town Hall
05:12 Scout Tower
05:14 Scout Tower
05:19 Scout Tower
05:22 Scout Tower
05:39 Guard Tower
05:43 Guard Tower
05:49 Guard Tower
05:50 Guard Tower
06:11 Farm
06:58 Scout Tower
07:01 Scout Tower
07:08 Farm
07:09 Farm
07:48 Workshop
08:53 Castle
09:04 Workshop
09:35 Guard Tower
12:15 Arcane Sanctum
12:32 Farm
15:58 Farm
16:01 Farm
16:04 Farm
» items
| Scroll of Regeneration | 3 | |
| Scroll of Town Portal | 3 | |
| Staff of Sanctuary | 1 | |
| Potion of Healing | 1 | |
8 total
shook (
red | 51 APM | 1212 actions | 23:56)
4 Blademaster
2 Wind Walk
2 Critical Strike
1 Shadow Hunter
1 Healing Wave
» actions
| Assign group hotkey | 18 | |
| Basic commands | 47 | |
| Build / train | 69 | |
| ESC pressed | 1 | |
| Enter build submenu | 23 | |
| Enter hero's abilities submenu | 5 | |
| Give item / drop item | 3 | |
| Right click | 629 | |
| Select / deselect | 275 | |
| Select group hotkey | 70 | |
| Use ability | 72 | |
1212 total
» units
| Peon | 18 | |
| Grunt | 7 | |
| Draenei Disciple | 1 | |
| Spirit Walker | 1 | |
| Raider | 4 | |
| Shaman | 3 | |
| Kodo Beast | 1 | |
| Tauren | 5 | |
40 total
» upgrades
| Berserker Strength | 1 | |
| Shaman Training | 2 | |
| Ensnare | 1 | |
| Melee Weapons | 3 | |
| Armor | 2 | |
| War Drums Damage Increase | 1 | |
| Pulverize | 1 | |
11 total
» buildings
| Altar of Storms | 1 | |
| Orc Burrow | 9 | |
| Voodoo Lounge | 2 | |
| Barracks | 1 | |
| Stronghold | 1 | |
| War Mill | 1 | |
| Spirit Lodge | 1 | |
| Beastiary | 1 | |
| Fortress | 1 | |
| Great Hall | 2 | |
| Watch Tower | 4 | |
| Tauren Totem | 1 | |
25 total
» build order
01:01 Altar of Storms
01:04 Orc Burrow
01:33 Voodoo Lounge
01:38 Voodoo Lounge
02:18 Barracks
02:41 Orc Burrow
04:25 Stronghold
06:16 Orc Burrow
06:20 War Mill
06:47 Spirit Lodge
07:00 Beastiary
08:50 Fortress
09:47 Orc Burrow
09:48 Orc Burrow
10:43 Great Hall
10:53 Watch Tower
10:56 Watch Tower
10:57 Watch Tower
13:28 Orc Burrow
13:36 Tauren Totem
14:15 Watch Tower
18:22 Great Hall
22:48 Orc Burrow
22:50 Orc Burrow
22:52 Orc Burrow
» items
| Healing Salve | 3 | |
| Lesser Clarity Potion | 4 | |
| Scroll of Speed | 2 | |
9 total
NM_SjDaGhost (
purple | 32 APM | 791 actions | 24:29)
5 Warden
3 Fan of Knives
1 Shadow Strike
1 Blink
» actions
| Assign group hotkey | 13 | |
| Basic commands | 68 | |
| Build / train | 57 | |
| Enter build submenu | 18 | |
| Enter hero's abilities submenu | 5 | |
| Remove unit from queue | 1 | |
| Right click | 364 | |
| Select / deselect | 205 | |
| Select group hotkey | 22 | |
| Use ability | 38 | |
791 total
» units
| Wisp | 15 | |
| Archer | 9 | |
| Huntress | 8 | |
| Dryad | 6 | |
| Druid of the Claw | 4 | |
42 total
» upgrades
| Abolish Magic | 1 | |
| Druid of the Claw Training | 2 | |
| Upgrade Moon Glaive | 1 | |
4 total
» buildings
| Altar of Elders | 1 | |
| Moon Well | 10 | |
| Ancient of War | 1 | |
| Hunter's Hall | 1 | |
| Tree of Ages | 1 | |
| Ancient of Wonders | 1 | |
| Ancient of Lore | 2 | |
| Tree of Eternity | 1 | |
| Tree of Life | 2 | |
20 total
» build order
00:10 Altar of Elders
00:14 Moon Well
00:34 Ancient of War
01:46 Moon Well
02:44 Moon Well
03:43 Hunter's Hall
04:15 Tree of Ages
05:10 Moon Well
06:04 Moon Well
06:12 Ancient of Wonders
07:27 Moon Well
07:30 Ancient of Lore
07:36 Ancient of Lore
09:05 Tree of Eternity
09:18 Moon Well
11:03 Moon Well
12:06 Moon Well
14:29 Tree of Life
15:30 Moon Well
20:23 Tree of Life
» items
| Scroll of Town Portal | 1 | |
| Orb of Venom | 1 | |
2 total
Chat log
(00:32 / All) HILARY-IS-HOT: trump!
(00:41 / All) TRUMPISTRUMP: HILARY!
(00:44 / All) TRUMPISTRUMP: HI HILARY
(00:48 / All) TheRULEROfBnet.: Trump is gonna make America great again
(00:49 / All) TRUMPISTRUMP: HOW ARE U?
(00:53 / All) HILARY-IS-HOT: trumps Vp is saying hes gonna quit. not sure if true
(00:53 / All) TheRULEROfBnet.: yellow should be in jail
(01:08 / All) TRUMPISTRUMP: I WILL BRING BACK THE AMERICA DREAM
(03:19 / Allies) HILARY-IS-HOT: come green
(04:59 / Allies) HILARY-IS-HOT: where is red
(05:03 / Allies) HILARY-IS-HOT: his towers rod lol
(05:14 / Allies) HILARY-IS-HOT: rod ping
(05:15 / Allies) HILARY-IS-HOT: his towers
(07:04 / Allies) TheRULEROfBnet.: +6 agi boots
(07:05 / Allies) TheRULEROfBnet.: nice
(07:06 / Allies) HILARY-IS-HOT: thx
(08:32 / Allies) HILARY-IS-HOT: gold
(08:34 / Allies) HILARY-IS-HOT: ill pay back
(09:10 / Allies) HILARY-IS-HOT: meet
(09:26 / Allies) HILARY-IS-HOT: heal up homos
(10:05 / Allies) TheRULEROfBnet.: tp
(10:12 / Allies) HILARY-IS-HOT: repair
(10:13 / Allies) HILARY-IS-HOT: tp
(11:35 / Allies) TRUMPISTRUMP: how he do that?
(11:41 / Allies) TheRULEROfBnet.: hacks
(11:42 / Allies) TheRULEROfBnet.: obviously
(12:01 / All) TRUMPISTRUMP: HACK
(12:22 / Allies) HILARY-IS-HOT: lets hit niggas
(13:57 / All) TheRULEROfBnet.: go away
(14:05 / All) TheRULEROfBnet.: trying to set up a base there
(14:06 / All) TheRULEROfBnet.: shoo
(14:21 / Allies) HILARY-IS-HOT: b
(14:22 / Allies) HILARY-IS-HOT: b
(14:26 / Allies) HILARY-IS-HOT: no
(14:32 / Allies) HILARY-IS-HOT: TP
(14:33 / Allies) HILARY-IS-HOT: TP
(14:47 / All) HILARY-IS-HOT: god this team is retarded
(14:58 / All) WelderWelder: hillary
(15:00 / All) WelderWelder: is
(15:02 / All) WelderWelder: not
(15:03 / All) WelderWelder: hot
(15:08 / All) WelderWelder: she's dying
(17:01 / Allies) TheRULEROfBnet.: wood me if you can
(17:09 / Allies) TheRULEROfBnet.: ty
(17:43 / Allies) HILARY-IS-HOT: back
(19:25 / Allies) HILARY-IS-HOT: guys
(19:27 / Allies) HILARY-IS-HOT: ur useless
(19:54 / Allies) TheRULEROfBnet.: +6 agi boots
(20:11 / Allies) TheRULEROfBnet.: come for +6 agi boots
(20:41 / Allies) TheRULEROfBnet.: jake come for boots
(20:52 / Allies) HILARY-IS-HOT: come
(20:56 / Allies) HILARY-IS-HOT: chode may not tk
(21:14 / Allies) TheRULEROfBnet.: two +6 agi boots on bm
(21:15 / Allies) TheRULEROfBnet.: pro
(21:56 / Allies) HILARY-IS-HOT: new base
(21:57 / Allies) HILARY-IS-HOT: that is bad
(22:39 / All) aidsperson420: report red pls for tk
(22:48 / All) TheRULEROfBnet.: Red did you seriously tk?
(22:52 / All) TheRULEROfBnet.: why are you ruining such an old game?
(22:59 / All) aidsperson420: prob hacks too
(22:59 / All) TheRULEROfBnet.: I'll send in a report
(23:02 / All) TheRULEROfBnet.: I hope he gets banned
(23:06 / All) TheRULEROfBnet.: what a piece of shit
(23:11 / All) aidsperson420: blizzard will be hearing about this
(23:13 / All) TheRULEROfBnet.: people like him ruin my battle.net
(23:14 / All) aidsperson420: mark my words
(23:18 / All) TheRULEROfBnet.: send in a report two
(23:25 / All) TheRULEROfBnet.: two reports is extra ban
(23:50 / Allies) TheRULEROfBnet.: wood me if you got spare
(23:57 / Allies) TheRULEROfBnet.: ty
(24:04 / Allies) cloaked: its all i can do :(
(24:08 / All) aidsperson420: red threatening me with cyber terrorism
(24:17 / All) aidsperson420: i will also be informing the nsa
(24:20 / All) TheRULEROfBnet.: he is a terrorist?
(24:23 / All) HILARY-IS-HOT: lawl
(24:24 / All) TheRULEROfBnet.: send in a tip to the fbi
(24:28 / All) aidsperson420: i think he is isis
(24:57 / All) TheRULEROfBnet.: wow
(25:09 / All) aidsperson420: fucking team is so nub man i swear
(25:21 / All) TheRULEROfBnet.: I hate when you get noob teams like that
(25:23 / All) HILARY-IS-HOT: blue just suicided his army into ur team
(25:43 / All) HILARY-IS-HOT: u took out greens base fast as hell
(25:54 / All) aidsperson420: ps im a professional gay nigger
(26:06 / All) TheRULEROfBnet.: how much money do those make?
(26:23 / All) aidsperson420: i have 10k gold so that has to be worth at least 69 theoretical dollars
(26:32 / All) TheRULEROfBnet.: I made $3 through this game once
(26:35 / All) TheRULEROfBnet.: got paypaled for a win
(26:44 / All) TheRULEROfBnet.: then fought about it with paypal
(26:49 / All) TheRULEROfBnet.: on whether I delivered the service or not
(26:51 / All) HILARY-IS-HOT: i amde 500 bucks from playing wow lawl
(26:57 / All) TheRULEROfBnet.: they ended up charging me back for it and giving it to him
(27:01 / All) TheRULEROfBnet.: I sent paypal screenshots and everything
(27:04 / All) HILARY-IS-HOT: more, prob like 800
(27:06 / All) TheRULEROfBnet.: where I proved I gave the win
(27:11 / All) TheRULEROfBnet.: paypal is such bullshit
(27:28 / All) aidsperson420: all banks are gay bitcoin 4 lyfe
(27:37 / All) TheRULEROfBnet.: do you use silkroad for your drugs
(27:53 / All) aidsperson420: ye
(27:59 / All) aidsperson420: its successors; silkroad ded
(28:01 / All) HILARY-IS-HOT: boots here mr
(28:09 / All) TheRULEROfBnet.: is that really safe lawl
(28:13 / All) TheRULEROfBnet.: I was thinking of using it
(28:19 / All) TheRULEROfBnet.: sounds fishy getting something delivered to my door
(28:25 / All) aidsperson420: very safe just use real address and encrypt your information
(28:35 / All) TheRULEROfBnet.: aight
(28:41 / All) aidsperson420: theres lots of reddit resources
(28:45 / All) aidsperson420: howtos and shit
(29:00 / All) TheRULEROfBnet.: I need to make a btc wallet
(29:06 / All) TheRULEROfBnet.: I almost invested big in bitcoins a few years ago
(29:12 / All) TheRULEROfBnet.: but I decided nah they probably stay worthless
(29:14 / All) aidsperson420: dam i have 3 shoes but 4 feet smh
(29:17 / All) HILARY-IS-HOT: the fuck is a bitcoin
(29:26 / All) TheRULEROfBnet.: jake outta the loop as always
(29:28 / All) aidsperson420: lmao i almost put 50k in it when it was 100
(29:44 / All) TheRULEROfBnet.: I was going to mine it
(29:47 / All) TheRULEROfBnet.: back when it could be mined
(29:50 / All) TheRULEROfBnet.: and make it for free
(29:55 / All) TheRULEROfBnet.: but I decided it wasn't worth the effort
(29:59 / All) aidsperson420: i didnt hear about it early enough to mine unfortunately
(30:00 / All) TheRULEROfBnet.: the program for it seemed like a pain in the ass to use
(30:05 / All) TheRULEROfBnet.: and I thought it'd always suck
(30:09 / All) aidsperson420: yea it got retarded in terms of gpu usage and electricity
(30:15 / All) HILARY-IS-HOT: pink is a french canadian........i think
(30:22 / All) TheRULEROfBnet.: its interface was annoying to figure out
(30:31 / All) HILARY-IS-HOT: plz doom one of my raiders
(30:33 / All) TheRULEROfBnet.: what one of silkroads successors do you use
(30:46 / All) aidsperson420: theres lots of wallets u can use with different interfaces
(30:55 / All) aidsperson420: i use hansa
(30:56 / All) aidsperson420: scamproof
(31:01 / All) TheRULEROfBnet.: i think there might've been just one for mining
(31:04 / All) TheRULEROfBnet.: back then
(31:06 / All) TheRULEROfBnet.: not sure
(31:10 / All) TheRULEROfBnet.: nice ty
(31:19 / All) HILARY-IS-HOT: firestorm my raidersson
(31:28 / All) aidsperson420: as u wish
(31:36 / All) TheRULEROfBnet.: oh only green still here
(31:53 / All) aidsperson420: oh lmao didnt notice either
(31:55 / All) cloaked: not really
(32:06 / All) TheRULEROfBnet.: Like my meat wagons green?
(32:11 / All) TheRULEROfBnet.: 2 rounds and that tree goes down wow
(32:12 / All) cloaked: just chillen last game before bed, havent had a good one yet
(32:20 / All) HILARY-IS-HOT: its cool green
(32:20 / All) aidsperson420: lul
(32:26 / All) cloaked: happens
(32:29 / All) TheRULEROfBnet.: 6 meat wagons kills nelf t1 hall in 2 rounds
(32:31 / All) HILARY-IS-HOT: green, u should play the witcher 3, GOAT rpg
(32:35 / All) TheRULEROfBnet.: with level 2 weapon upgrade
(32:49 / All) HILARY-IS-HOT: no man's sky is the GOAT space sim
(33:01 / All) aidsperson420: meh i refunded that shit
(33:08 / All) HILARY-IS-HOT: so did i lawl
(33:12 / All) HILARY-IS-HOT: they never took it away tho
(33:15 / All) HILARY-IS-HOT: so i get to play it too
(33:18 / All) aidsperson420: oh nice
(33:22 / All) HILARY-IS-HOT: on my ps4
(33:36 / All) HILARY-IS-HOT: that zombie dude is gonna get sued big time
(33:38 / All) TheRULEROfBnet.: I heard no man's sky was total trash
(33:48 / All) aidsperson420: its a good idea
(33:53 / All) TheRULEROfBnet.: nice he left
(34:13 / All) TheRULEROfBnet.: what drugs do you use chode
(34:13 / All) aidsperson420: alright boys im going to bed so i can make daily fantasy lineups tomorrow mornning
(34:21 / All) aidsperson420: weed weed concentrates
(34:21 / All) HILARY-IS-HOT: me too, raiders gonna go 4-1
(34:23 / All) aidsperson420: shrooms acid
(34:28 / All) aidsperson420: fuck yea
(34:35 / All) HILARY-IS-HOT: derek car #1
(34:43 / All) TheRULEROfBnet.: nice
(34:51 / All) aidsperson420: alright boys im gay gg
(34:56 / All) TheRULEROfBnet.: gz